 Dungeon Crawl Stone Soup version 0.22.0-6-g71bd7aa6b3 (webtiles) character file.

80 PikkenKukken the Skirmisher (level 4, -2/35 HPs)
             Began as a Demonspawn Abyssal Knight on Aug 14, 2018.
             Was a Believer of Lugonu.
             Slain by a gnoll (5 damage)
             ... on level 2 of the Dungeon.
             The game lasted 00:02:55 (1912 turns).

PikkenKukken the Skirmisher (DsAK)                  Turns: 1912, Time: 00:02:56

Health: -2/35      AC:  8    Str: 13    XL:     4   Next: 18%
Magic:  6/6        EV:  6    Int: 13    God:    Lugonu [**....]
Gold:   99         SH:  0    Dex: 13    Spells: 3/3 levels left

rFire    + . .     SeeInvis .   e - +2 falchion (freeze)
rCold    . . .     Gourm    .   (no shield)
rNeg     . . .     Faith    .   d - +0 chain mail
rPois    .         Spirit   .   (no helmet)
rElec    .         Reflect  .   (no cloak)
rCorr    .         Harm     .   (no gloves)
MR       .....                  (no boots)
Stlth    ..........             (no amulet)
HPRegen  0.11/turn              (no ring)
MPRegen  0.10/turn              (no ring)

@: no status effects
A: claws 1, fire resistance 1
a: Depart the Abyss, Bend Space, Renounce Religion


You were on level 2 of the Dungeon.
You worshipped Lugonu.
Lugonu was pleased with you.
You were not hungry.

You visited 1 branch of the dungeon, and saw 2 of its levels.
You visited the Abyss 1 time.

You collected 99 gold pieces.

Inventory:

Hand Weapons
 a - a +1 mace
 e - a +2 falchion of freezing (weapon)
Armour
 b - a +0 leather armour
 d - a +0 chain mail (worn)
Potions
 f - a potion of invisibility
 h - a potion of degeneration {unknown}
 j - 2 potions of brilliance
Comestibles
 c - 6 rations


   Skills:
 + Level 3.5 Fighting
 + Level 1.2 Long Blades
 - Level 1.8 Maces & Flails
 + Level 2.4 Armour
 + Level 1.7 Dodging
 + Level 3.3 Invocations


You had 3 spell levels left.
You didn't know any spells.
Your spell library was empty.

Dungeon Overview and Level Annotations

Branches:
Dungeon (2/15)

Altars:


Innate Abilities, Weirdness & Mutations

You have sharp fingernails.
Your flesh is heat resistant. (rF+)


Message History

You are too injured to fight recklessly!
You are too injured to fight recklessly!
Unknown command.
You are too injured to fight recklessly!
You slash the kobold! You freeze the kobold.
You kill the kobold!
Lugonu accepts your kill.
The gnoll hits you from afar with a spear.
You are too injured to fight recklessly!
You hit the gnoll. You freeze the gnoll.
The gnoll is moderately wounded.
The gnoll hits you.
* * * LOW HITPOINT WARNING * * *
The gnoll hits you but does no damage.
You hit the gnoll but do no damage.
The gnoll is moderately wounded.
The gnoll hits you from afar with a spear.
* * * LOW HITPOINT WARNING * * *
The gnoll hits you.
You die...

#.#....# #....). #.
#)##..## ####### #.
#.#...# ##### # #.
#.#...# #...# #.###.#
#.#.#.# #...# .......
#.#.#.###...# .......
#.#.......<.#
......r###.#.........#
......rg@.(..........####
......g###.......)...#...
....... ###......####.##
....... #...#### #...
....... #.############
###.... #.............
#.... ##############
#.r..


You could see 2 gnolls, a quokka and a rat.

Vanquished Creatures
  3 adders (D:2)
  A gnoll (D:2)
  A worm (D:2)
  3 giant cockroaches
  3 goblins
  9 hobgoblins
  3 jackals (D:2)
  2 quokkas (D:2)
  2 bats (D:2)
  5 frilled lizards
  6 kobolds
  A rat (D:2)
39 creatures vanquished.

Notes
Turn   | Place    | Note
-------+----------+-------------------------------------------
     0 | Abyss:1  | PikkenKukken the Demonspawn Abyssal Knight began the quest for the Orb.
     0 | Abyss:1  | Reached XP level 1. HP: 18/18 MP: 2/2
    98 | Abyss:3  | Noticed a flying skull
   100 | Abyss:3  | Noticed a flying skull
   102 | Abyss:3  | Noticed a flying skull
   104 | Abyss:3  | Noticed a flying skull
   107 | D:1      | Escaped the Abyss
   262 | D:1      | Reached skill level 1 in Dodging
   310 | D:1      | Reached * piety under Lugonu
   438 | D:1      | Gained mutation: You have sharp fingernails. [demonic ancestry]
   438 | D:1      | Reached XP level 2. HP: 19/24 MP: 4/4
  1046 | D:2      | Gained mutation: Your flesh is heat resistant. (rF+) [demonic ancestry]
  1046 | D:2      | Reached XP level 3. HP: 20/29 MP: 5/5
  1321 | D:2      | Reached skill level 1 in Long Blades
  1813 | D:2      | Reached ** piety under Lugonu
  1820 | D:2      | Reached XP level 4. HP: 25/35 MP: 6/6
  1912 | D:2      | Slain by a gnoll

Skill      XL: |  1  2  3 |
---------------+----------+-----
Dodging        | 1 |  1.7
Armour         | 2 |  2.4
Invocations    | 3 |  3.3
Long Blades    | 1 |  1.2
Fighting       | |  3.5
Maces & Flails | |  1.8

Action                   |  1- 3 |  4- 6 || total
-------------------------+-------+-------++-------
Melee: Falchion          |   106 |    11 ||   117
       Mace              |     1 |       ||     1
Invok: Depart the Abyss  |     1 |       ||     1
  Use: Scroll            |     5 |       ||     5
       Potion            |     1 |       ||     1
 Stab: Sleeping          |     2 |       ||     2
  Eat: Chunk             |     2 |     1 ||     3
Armor: Leather armour    |    40 |       ||    40
       Chain mail        |       |     3 ||     3
Dodge: Dodged            |    80 |     9 ||    89
       Rpst.: Falchion   |    30 |     3 ||    33
